 Dungeon Crawl Stone Soup version 0.31-a0-532-g28f74ba3e5 (webtiles) character file.

Game seed: 16964508568123357826

16767 cforsyth the Prestidigitator (level 12, -5/82 HPs)
             Began as a Gnoll Artificer on Aug 13, 2023.
             Was a Believer of Hepliaklqana.
             Slain by a black mamba (6 damage)
             ... on level 2 of the Lair of Beasts.
             The game lasted 00:22:49 (13108 turns).

cforsyth the Prestidigitator (Gnoll Artificer)     Turns: 13108, Time: 00:22:50

Health: -5/82      AC: 22    Str: 15    XL:     12   Next: 41%
Magic:  32/32      EV:  9    Int: 14    God:    Hepliaklqana [**....]
Gold:   758        SH:  0    Dex: 13    Spells: 25/25 levels left

rFire   . . .        a - +2 scythe (venom)
rCold   + + .        (shield currently unavailable)
rNeg    . . .        I - +2 storm dragon scales
rPois   +            r - +2 helmet of Past Mistakes {rPois rC+ rCorr Str+2}
rElec   +            G - +0 cloak
rCorr   +            p - +0 pair of gloves
SInv    .            (no boots)
Will    .....        i - amulet of regeneration
Stlth   +            f - ring of protection from cold
HPRegen 1.13/turn    K - ring of magical power
MPRegen 0.23/turn

%: no passive effects
@: lethally poisoned (-5 -> -12)
A: reduced essence, fangs 1, strong nose, distributed training
a: Renounce Religion, Recall Ancestor, Ancestor Identity


You were on level 2 of the Lair of Beasts.
You worshipped Hepliaklqana.
Hepliaklqana was pleased with you.
You visited 3 branches of the dungeon, and saw 13 of its levels.
You also visited: Bailey.

You collected 818 gold pieces.
You spent 60 gold pieces at shops.

Inventory:

Hand Weapons
 a - a +2 scythe of venom (weapon)
 b - the +12 orcbow "Voduy" {drain, rC+ Str+3 Int-4}
   (You found it in a bailey)

   Str+3:     It affects your strength (+3).
   Int-4:     It affects your intelligence (-4).
   rC+:       It protects you from cold.
 m - a +2 whip of freezing
Missiles
 E - 2 curare-tipped darts
Armour
 p - a +0 pair of gloves (worn)
 r - the +2 helmet of Past Mistakes (worn) {rPois rC+ rCorr Str+2}
   (You found it in a bailey)

   Str+2:     It affects your strength (+2).
   rC+:       It protects you from cold.
   rPois:     It protects you from poison rCorr: It protects you from acid and
   corrosion.
 G - a +0 cloak (worn)
 I - +2 storm dragon scales (worn)
 Q - a +0 kite shield
Jewellery
 f - a ring of protection from cold (left hand)
 i - an amulet of regeneration (around neck)
 K - a ring of magical power (right hand)
 N - an amulet of faith
 O - an amulet of guardian spirit
 P - a ring of ice
Wands
 c - a wand of flame (4) (quivered)
 d - a wand of charming (9)
 e - a wand of iceblast (3)
 l - a wand of paralysis (6)
 u - a wand of quicksilver (2)
 B - a wand of roots (15)
Scrolls
 g - a scroll of enchant weapon {unknown}
 j - 3 scrolls of revelation
 o - 4 scrolls of amnesia {unknown}
 q - a scroll of brand weapon {unknown}
 t - 2 scrolls of fog {unknown}
 w - a scroll of acquirement {unknown}
 x - a scroll of fear {unknown}
 y - a scroll of poison {unknown}
 z - a scroll of torment {unknown}
 A - 2 scrolls of teleportation
 D - 2 scrolls of vulnerability {unknown}
 F - a scroll of noise {unknown}
 M - 5 scrolls of identify
Potions
 k - 4 potions of brilliance
 n - 2 potions of curing
 s - a potion of attraction {unknown}
 v - 2 potions of berserk rage
 C - a potion of mutation
 H - a potion of haste
 J - a potion of might
 L - a potion of cancellation


   Skills:
 + Level 7.9 Fighting
 + Level 7.4 Short Blades
 + Level 7.4 Long Blades
 + Level 7.4 Axes
 + Level 7.4 Maces & Flails
 + Level 7.4 Polearms
 + Level 7.4 Staves
 + Level 7.4 Ranged Weapons
 + Level 7.4 Throwing
 + Level 8.8 Armour
 + Level 7.9 Dodging
 + Level 7.8 Stealth
 + Level 7.4 Shields
 + Level 7.4 Unarmed Combat
 + Level 7.4 Spellcasting
 + Level 6.1 Conjurations
 + Level 6.1 Hexes
 + Level 6.1 Summonings
 + Level 6.1 Necromancy
 + Level 6.1 Translocations
 + Level 6.1 Transmutations
 + Level 6.1 Fire Magic
 + Level 6.1 Ice Magic
 + Level 6.1 Air Magic
 + Level 6.1 Earth Magic
 + Level 6.1 Poison Magic
 + Level 8.1 Invocations
 + Level 9.9 Evocations
 + Level 6.1 Shapeshifting


You had 25 spell levels left.
You didn't know any spells.
Your spell library contained the following spells:

 Spells                   Type           Power      Damage    Failure   Level
 Shock                    Conj/Air       88%        1d8       14%         1
 Ensorcelled Hibernation  Hex/Ice        44%        N/A       22%         2
 Lesser Beckoning         Tloc           44%        N/A       22%         2
 Scorch                   Fire           44%        2d6       22%         2
 Sublimation of Blood     Necr           22%        N/A       22%         2
 Wereblood                Tmut           22%        N/A       22%         2
 Gell's Gravitas          Tloc           22%        N/A       41%         3
 Stone Arrow              Conj/Erth      44%        3d9       41%         3
 Swiftness                Air            22%        N/A       41%         3
 Teleport Other           Tloc           22%        N/A       41%         3
 Airstrike                Air            11%        2d(2-18)  82%         4
 Anguish                  Hex/Necr       11%        N/A       82%         4
 Animate Armour           Summ/Erth      44%        N/A       82%         4
 Flame Wave               Conj/Fire      22%        2d8       82%         4
 Dispersal                Tloc           11%        N/A       100%        6
 Summon Cactus Giant      Summ           11%        N/A       100%        6
 Summon Hydra             Summ           11%        N/A       100%        7
 Lehudib's Crystal Spear  Conj/Erth      11%        10d4      100%        8


Dungeon Overview and Level Annotations

Branches:
Dungeon (10/15)            Temple (1/1) D:7            Lair (2/5) D:9
 Spider (0/4) Lair:2          Orc (0/2) D:9          Bailey (visited)
  Swamp: Lair:2-3    Shoals: Lair:2-3

Altars:
Ashenzari
Cheibriados
Dithmenos
Elyvilon
Gozag
Hepliaklqana
Kikubaaqudgha
Makhleb
Nemelex Xobeh
Okawaru
Qazlal
Ru
Sif Muna
Trog
Uskayaw
Vehumet
Wu Jian
Xom
Yredelemnul
Zin
The Shining One

Shops:
D:2 (   D:3 =:?*   D:9 (

Portals:
Abyss: D:5

Annotations:
D:5 2 transporters, 1 runed translucent door, Crazy Yiuf; notthatgreg's ghost, novice TeFE
D:6 1 runed translucent door, horus123's ghost, novice HuCj


Innate Abilities, Weirdness & Mutations

Your life essence is reduced to manifest your ancestor. (-10% HP)
You have very sharp teeth.
Your uncanny sense of smell can sniff out nearby items.
Your experience applies equally to all skills.


Message History

The black mamba is lightly wounded.
The black mamba bites you but does no damage. x2
You barely miss the black mamba.
The black mamba is lightly wounded.
The black mamba bites you!
You are poisoned.
The black mamba poisons you! The black mamba barely misses you.
You slash the black mamba!
The black mamba is moderately wounded.
You feel very sick.
The black mamba bites you but does no damage.
The black mamba completely misses you.
You completely miss the black mamba.
The black mamba is moderately wounded.
You feel very sick. The black mamba bites you.
You are more poisoned.
The black mamba poisons you! The black mamba misses you.
You barely miss the black mamba. Your bite misses the black mamba.
The black mamba is moderately wounded.
You feel extremely sick.
The black mamba bites you but does no damage.
The black mamba bites you.
You are too injured to fight recklessly!
You are too injured to fight recklessly!
You are too injured to fight recklessly!
You are too injured to fight recklessly!
You closely miss the black mamba.
The black mamba is moderately wounded.
You feel extremely sick.
The black mamba bites you but does no damage.
The black mamba bites you. The black mamba bites you!
* * * LOW HITPOINT WARNING * * *
You hit the black mamba but do no damage.
The black mamba is moderately wounded.
You feel very sick. The black mamba bites you!
* * * LOW HITPOINT WARNING * * *
The black mamba bites you.
You die...

...######.###...#P.#
....##...^.........#
....#..##.###P.#...# .......####
###.##.## .......# ###...#
.......#### #....## ######
.......##.## ##....#######....#
.....P.....###.#...#.##.......###
.....##....#...S@......#.......#.
................................#
##.P#............................
####............................
#............................
#......#.....†<†............#
#P)...###...................#
###..## ##................###
#### ##..............##


You could see a black mamba.

Vanquished Creatures
  A two-headed ogre (D:8)
  2 elephants
  2 cane toads
  A rime drake (Lair:1)
  A komodo dragon (Lair:2)
  A troll (D:9)
  A hornet (D:7)
  A jumping spider (Lair:2)
  Sigmund (D:2)
  Eustachio (D:6)
  3 wyverns
  23 yaks
  A culicivora (Lair:2)
  2 basilisks
  2 humans (D:7)
  3 steam dragons
  A vampire mosquito (D:9)
  Menkaure (D:5)
  Edmund (D:4)
  An acid dragon (D:9)
  7 water moccasins
  4 orc warriors
  A black bear (D:5)
  A sky beast (D:6)
  An ice beast (D:7)
  An ogre (D:7)
  6 wolves (Lair:2)
  2 centaurs
  Blork the orc (D:4)
  7 bullfrogs
  A gnoll sergeant (D:6)
  2 kobold brigands (D:4)
  A scorpion (D:6)
  11 wights
  7 killer bees
  9 howler monkeys
  A jelly (D:7)
  An orc priest (D:8)
  6 hounds
  Terence (D:2)
  A sleepcap (D:5)
  3 iguanas
  Ijyb (D:5)
  7 orc wizards
  10 adders
  8 gnolls
  A white imp (D:7)
  3 ufetubi
  4 worms
  3 dart slugs
  52 orcs
  3 bats (D:3)
  11 endoplasms
  3 giant cockroaches
  9 goblins
  9 hobgoblins
  3 jackals (D:1)
  4 quokkas
  2 ball pythons
  9 frilled lizards
  19 kobolds
  6 rats
292 creatures vanquished.

Vanquished Creatures (collateral kills)
  A black mamba (Lair:1)
  2 elephants (Lair:2)
  A cane toad (Lair:1)
  A jumping spider (Lair:2)
  A culicivora (Lair:2)
  A steam dragon (Lair:2)
  3 yaks
  3 redbacks (Lair:2)
  A water moccasin (Lair:2)
  A black bear (Lair:2)
  5 bullfrogs
  A wight (D:9)
  An electric eel (Lair:2)
  An iguana (D:9)
  A kobold (D:4)
24 creatures vanquished.

Vanquished Creatures (others)
  4 battlemagi (Lair:2)
  4 ancestors (D:9)
8 creatures vanquished.

Grand Total: 324 creatures vanquished

Notes
Turn   | Place    | Note
-------+----------+-------------------------------------------
     0 | D:1      | cforsyth the Gnoll Artificer began the quest for the Orb.
     0 | D:1      | Reached XP level 1. HP: 17/17 MP: 1/1
   207 | D:1      | Reached XP level 2. HP: 22/23 MP: 2/2
   801 | D:1      | Reached XP level 3. HP: 20/28 MP: 3/3
  1175 | D:2      | Reached skill level 1 in Invocations
  1370 | D:2      | Found Fusoan's Antique Weapon Boutique.
  1393 | D:2      | Reached skill level 1 in Short Blades
  1393 | D:2      | Reached skill level 1 in Long Blades
  1393 | D:2      | Reached skill level 1 in Axes
  1393 | D:2      | Reached skill level 1 in Maces & Flails
  1393 | D:2      | Reached skill level 1 in Polearms
  1393 | D:2      | Reached skill level 1 in Staves
  1393 | D:2      | Reached skill level 1 in Ranged Weapons
  1393 | D:2      | Reached skill level 1 in Throwing
  1393 | D:2      | Reached skill level 1 in Shields
  1393 | D:2      | Reached skill level 1 in Unarmed Combat
  1393 | D:2      | Reached skill level 1 in Spellcasting
  1393 | D:2      | Reached XP level 4. HP: 18/34 MP: 5/5
  1512 | D:2      | Reached skill level 1 in Conjurations
  1512 | D:2      | Reached skill level 1 in Hexes
  1512 | D:2      | Reached skill level 1 in Summonings
  1512 | D:2      | Reached skill level 1 in Necromancy
  1512 | D:2      | Reached skill level 1 in Translocations
  1512 | D:2      | Reached skill level 1 in Transmutations
  1512 | D:2      | Reached skill level 1 in Fire Magic
  1512 | D:2      | Reached skill level 1 in Ice Magic
  1512 | D:2      | Reached skill level 1 in Air Magic
  1512 | D:2      | Reached skill level 1 in Earth Magic
  1512 | D:2      | Reached skill level 1 in Poison Magic
  1512 | D:2      | Reached skill level 1 in Shapeshifting
  1530 | D:2      | Noticed Sigmund
  1534 | D:2      | Killed Sigmund
  1535 | D:2      | Reached XP level 5. HP: 39/41 MP: 5/7
  1535 | D:2      | Reached XP level 6. HP: 45/47 MP: 5/8
  1616 | D:2      | Noticed Terence
  1623 | D:2      | Killed Terence
  1775 | D:2      | Reached skill level 5 in Armour
  1905 | D:3      | Found Etzoc's Jewellery Boutique.
  1944 | D:3      | Found Qoigyuwn's Book Shoppe.
  2180 | D:3      | Found Lerghan's Magic Scroll Emporium.
  2199 | D:3      | Found Meul's Assorted Antiques.
  2218 | D:3      | Bought a scroll labelled VUWKIY FERRE for 30 gold pieces
  2218 | D:3      | Bought a scroll labelled ATZIWE ONAADID for 30 gold pieces
  2802 | D:4      | Noticed Blork the orc
  2814 | D:4      | Killed Blork the orc
  2925 | D:4      | Reached XP level 7. HP: 46/52 MP: 10/10
  2937 | D:4      | Reached skill level 7 in Evocations
  2969 | D:4      | Found a radiant altar of Vehumet.
  3172 | D:4      | Noticed Edmund
  3202 | D:4      | Your ally Edmund died
  3820 | D:5      | Entered Level 5 of the Dungeon
  3906 | D:5      | Reached XP level 8. HP: 43/60 MP: 12/12
  4282 | D:5      | Found a stormy altar of Qazlal.
  4303 | D:5      | Noticed Ijyb
  4310 | D:5      | Killed Ijyb
  4313 | D:5      | Noticed Menkaure
  4324 | D:5      | Killed Menkaure
  4515 | D:5      | Found a transporter.
  4548 | D:5      | Found a one-way gate to the infinite horrors of the Abyss.
  4548 | D:5      | Noticed notthatgreg's ghost (novice TeFE)
  4558 | D:5      | Found a transporter.
  4813 | D:5      | Found a runed translucent door.
  4814 | D:5      | Noticed Crazy Yiuf
  5291 | D:5      | Reached XP level 9. HP: 15/66 MP: 14/14
  5762 | D:6      | Found a runed translucent door.
  5887 | D:6      | Noticed horus123's ghost (novice HuCj)
  5888 | D:6      | Noticed Eustachio
  6209 | D:6      | Killed Eustachio
  6829 | D:6      | Reached skill level 5 in Fighting
  6829 | D:6      | Reached skill level 5 in Dodging
  6994 | D:6      | Found an opulent altar of Gozag.
  6994 | D:6      | Found a glowing silver altar of Zin.
  7256 | D:7      | Reached skill level 5 in Stealth
  7351 | D:7      | Reached skill level 8 in Evocations
  7377 | D:7      | Found a flagged portal.
  7396 | Bailey   | Entered a bailey
  7559 | Bailey   | Reached skill level 5 in Invocations
  8086 | Bailey   | Identified the +2 helmet of Past Mistakes {rPois rC+ rCorr
                  | Str+2}
  8098 | Bailey   | Identified the +12 orcbow "Voduy" {drain, rC+ Str+3 Int-4}
  8324 | D:7      | Reached XP level 10. HP: 64/75 MP: 17/17
  8440 | D:7      | Reached skill level 5 in Short Blades
  8440 | D:7      | Reached skill level 5 in Long Blades
  8440 | D:7      | Reached skill level 5 in Axes
  8440 | D:7      | Reached skill level 5 in Maces & Flails
  8440 | D:7      | Reached skill level 5 in Polearms
  8440 | D:7      | Reached skill level 5 in Staves
  8440 | D:7      | Reached skill level 5 in Ranged Weapons
  8440 | D:7      | Reached skill level 5 in Throwing
  8440 | D:7      | Reached skill level 5 in Shields
  8440 | D:7      | Reached skill level 5 in Unarmed Combat
  8440 | D:7      | Reached skill level 5 in Spellcasting
  8474 | D:7      | Found an iron altar of Okawaru.
  8707 | D:7      | Found a staircase to the Ecumenical Temple.
  8711 | Temple   | Entered the Ecumenical Temple
  8739 | Temple   | Became a worshipper of Hepliaklqana the Forgotten
  9238 | D:8      | Noticed a two-headed ogre
  9247 | D:8      | Killed a two-headed ogre
  9415 | D:8      | Identified the +3 ring mail of Komiloew {rElec}
  9813 | D:8      | Found a shadowy altar of Dithmenos.
  9910 | D:8      | Reached * piety under Hepliaklqana
 10643 | D:9      | Reached XP level 11. HP: 74/74 MP: 19/19
 10674 | D:9      | Reached skill level 9 in Evocations
 10678 | D:9      | Reached skill level 5 in Conjurations
 10678 | D:9      | Reached skill level 5 in Hexes
 10678 | D:9      | Reached skill level 5 in Summonings
 10678 | D:9      | Reached skill level 5 in Necromancy
 10678 | D:9      | Reached skill level 5 in Translocations
 10678 | D:9      | Reached skill level 5 in Transmutations
 10678 | D:9      | Reached skill level 5 in Fire Magic
 10678 | D:9      | Reached skill level 5 in Ice Magic
 10678 | D:9      | Reached skill level 5 in Air Magic
 10678 | D:9      | Reached skill level 5 in Earth Magic
 10678 | D:9      | Reached skill level 5 in Poison Magic
 10678 | D:9      | Reached skill level 5 in Shapeshifting
 10865 | D:9      | Found a sparkling altar of Nemelex Xobeh.
 11073 | D:9      | Found Zaesi's Weapon Emporium.
 11298 | D:9      | Found a staircase to the Lair.
 11563 | D:9      | Found a staircase to the Orcish Mines.
 11617 | D:10     | Entered Level 10 of the Dungeon
 11635 | Lair:1   | Entered Level 1 of the Lair of Beasts
 11922 | Lair:1   | Reached ** piety under Hepliaklqana
 11923 | Lair:1   | Remembered your ancestor Nozipho as a battlemage
 12518 | Lair:2   | Reached XP level 12. HP: 60/81 MP: 22/22
 13054 | Lair:2   | Found a hole to the Spider Nest.
 13108 | Lair:2   | HP: 1/82 [black mamba (14)]
 13108 | Lair:2   | Slain by a black mamba

Illustrated notes

Levels and vault maps discovered:
D:1:      saegor_arrival_simple_a, layout_basic
D:2:      layout_basic, serial_shops, shop, uniq_terence, uniq_sigmund
D:3:      layout_loops_ring, serial_shops, nicolae_shop_tiny_waterfront,
          nicolae_shop_rolling_square, nicolae_shop_advertising_works
          [nicolae_subvault_shop_adworks], nicolae_diamond_shop,
          minmay_lizard_king
D:4:      cheibrodos_thug_alley, layout_cave_pools,
          mainiacjoe_overflow_concentric_impassable, uniq_blork_the_orc,
          uniq_edmund
D:5:      layout_basic, grunt_qazlal_clouds, gammafunk_ghost_abyssal_escape,
          uniq_crazy_yiuf_cottage, uniq_menkaure, uniq_ijyb
D:6:      layout_rooms, grunt_temple_overflow_gold_and_silver,
          hellmonk_ghost_happy_afterlife, uniq_eustachio
D:7:      layout_gridville, okawaru_humans, minmay_temple_entry_from_below_a,
          enter_bailey_5, kennysheep_generic_room_11
D:8:      layout_loops_ring, nicolae_dithmenos_the_darkroom
D:9:      layout_rooms, nemelex_diamond_rough_becter, minmay_lair_entry_grove,
          hiddenorc1_lemuel, serial_shops, kennysheep_little_box,
          nicolae_concentric_dashed_squares_wild
D:10:     layout_small_grid, tgw_fedhas
Temple:   nicolae_temple_superstar
Lair:1:   layout_loops_ring, grunt_megastairs_5
Lair:2:   layout_gridlike, nicolae_spider_entry_tight_spaces,
          grunt_megastairs_2, serial_bayou_shore_a

Skill      XL: |  1  2  3  4  5  6  7  8  9 10 11 12 |
---------------+-------------------------------------+-----
Invocations    | 1 2 3 4 5 6 7 8 |  8.1
Short Blades   | 1 2 3 4 5 6 7 |  7.4
Long Blades    | 1 2 3 4 5 6 7 |  7.4
Axes           | 1 2 3 4 5 6 7 |  7.4
Maces & Flails | 1 2 3 4 5 6 7 |  7.4
Polearms       | 1 2 3 4 5 6 7 |  7.4
Staves         | 1 2 3 4 5 6 7 |  7.4
Ranged Weapons | 1 2 3 4 5 6 7 |  7.4
Throwing       | 1 2 3 4 5 6 7 |  7.4
Shields        | 1 2 3 4 5 6 7 |  7.4
Unarmed Combat | 1 2 3 4 5 6 7 |  7.4
Spellcasting   | 1 2 3 4 5 6 7 |  7.4
Conjurations   | 1 2 3 4 5 6 |  6.1
Hexes          | 1 2 3 4 5 6 |  6.1
Summonings     | 1 2 3 4 5 6 |  6.1
Necromancy     | 1 2 3 4 5 6 |  6.1
Translocations | 1 2 3 4 5 6 |  6.1
Transmutations | 1 2 3 4 5 6 |  6.1
Fire Magic     | 1 2 3 4 5 6 |  6.1
Ice Magic      | 1 2 3 4 5 6 |  6.1
Air Magic      | 1 2 3 4 5 6 |  6.1
Earth Magic    | 1 2 3 4 5 6 |  6.1
Poison Magic   | 1 2 3 4 5 6 |  6.1
Shapeshifting  | 1 2 3 4 5 6 |  6.1
Fighting       | 3 4 5 6 7 |  7.9
Dodging        | 3 4 5 6 7 |  7.9
Stealth        | 3 4 5 6 7 |  7.8
Armour         | 5 6 7 8 |  8.8
Evocations     | 7 8 9 |  9.9

Action                     |  1- 3 |  4- 6 |  7- 9 | 10-12 || total
---------------------------+-------+-------+-------+-------++-------
  Melee: Club              |    92 |       |       |       ||    92
         Bite              |     9 |     7 |    23 |    77 ||   116
         Punch             |     1 |       |       |       ||     1
         Whip              |    43 |    11 |       |       ||    54
         Halberd           |       |   116 |   390 |   573 ||  1079
   Fire: Orcbow            |       |       |    15 |     2 ||    17
 Invoke: Recall Ancestor   |       |       |       |     2 ||     2
         Ancestor Life: Ba |       |       |       |     1 ||     1
  Evoke: Wand              |       |     4 |    10 |     6 ||    20
    Use: Scroll            |       |       |     6 |     4 ||    10
         Potion            |       |       |     1 |     1 ||     2
   Stab: Sleeping          |     4 |     7 |     2 |       ||    13
         Distracted        |       |       |       |     1 ||     1
 Armour: Leather armour    |    29 |    44 |    57 |       ||   130
         Chain mail        |       |       |   165 |       ||   165
         Storm dragon scal |       |       |    29 |   462 ||   491
  Dodge: Dodged            |   101 |    74 |   247 |   288 ||   710

Table legend: (Time is in decaauts)
 A = Elapsed time spent in this place.
 B = Non-inter-level travel time spent in this place.
 C = Inter-level travel time spent in this place.
 D = Time resting spent in this place.
 E = Time spent auto-exploring this place.
 F = Levels seen in this place.
 G = Mean time per level.
                   A        B        C        D        E       F      G
               +--------+--------+--------+--------+--------+-----+--------+
         Total |  13464 |  12983 |    481 |   1980 |   7592 |  14 |  961.7 |
       Dungeon |  11046 |  10654 |    392 |   1634 |   6344 |  10 | 1104.6 |
        Temple |     41 |      1 |     40 |      0 |      0 |   1 |   41.0 |
          Lair |   1514 |   1466 |     48 |     22 |   1052 |   2 |  757.0 |
        Bailey |    861 |    861 |      0 |    324 |    195 |   1 |  861.0 |
               +--------+--------+--------+--------+--------+-----+--------+

Top non-repeatable levels by time:
     D:5: 2834 daAuts
     D:8: 1284 daAuts
     D:4: 1263 daAuts
     D:7: 1211 daAuts
     D:9: 1129 daAuts
     D:1: 1046 daAuts
     D:3: 892 daAuts
     D:2: 877 daAuts
  Lair:1: 867 daAuts
  Bailey: 861 daAuts
  Lair:2: 647 daAuts
     D:6: 505 daAuts
  Temple: 41 daAuts
    D:10: 1 daAuts
